 Dungeon Crawl Stone Soup version 0.31-a0-271-gb88eb75e06 (webtiles) character file.

Game seed: 4701519709738909777

49 cforsyth the Changeling (level 4, 0/54 HPs)
             Began as a Meteoran Shapeshifter on July 14, 2023.
             Slain by a lemure (3 damage)
             ... led by Pikel
             ... on level 4 of the Dungeon.
             The game lasted 00:02:52 (508 turns).

cforsyth the Changeling (Meteoran Shapeshifter)      Turns: 508, Time: 00:02:52

Health: 0/54       AC: 22    Str: 18    XL:     4   Next: 20%
Magic:  5/5        EV:  2    Int:  9    God:
Gold:   0          SH:  0    Dex: 15    Spells: 3/3 levels left

rFire   . .          .
                       - Unarmed
rCold   . . .        (no shield)
rNeg    . . .        i - melded +0 chain mail
rPois   +            (helmet currently unavailable)
rElec   .            (cloak currently unavailable)
rCorr   .            (gloves currently unavailable)
SInv    .            (boots currently unavailable)
Will    .....        (no amulet)
Stlth   +            (no ring)
HPRegen 0.29/turn    (no ring)
MPRegen 0.09/turn

%: no passive effects
@: tree-form, hasted, glowing, very quick
A: stationary, stasis, torment immunity, boosted hp, sense surroundings 1,
otherworldly, glowing, explore regen
a: no special abilities


You were on level 4 of the Dungeon.
You were a tree.
You visited 1 branch of the dungeon, and saw 4 of its levels.

Inventory:

Armour
 a - a +0 animal skin
 i - a +0 chain mail (melded)
Jewellery
 d - a +6 ring of strength
Talismans
 c - a beast talisman
Scrolls
 f - a scroll of revelation {unknown}
 h - a scroll of fear {unknown}
Potions
 b - 2 potions of lignification


   Skills:
 - Level 2.1 Fighting
 - Level 2.4 Dodging
 + Level 3.8 Unarmed Combat
 + Level 4.4 Shapeshifting


You had 3 spell levels left.
You didn't know any spells.
Your spell library contained the following spells:

 Spells                   Type           Power      Damage    Failure   Level
 Cigotuvi's Dreadful Rot  Necr/Pois/Air  0%         N/A       52%         2
 Ignite Poison            Fire/Tmut/Pois 0%         N/A       77%         3
 Freezing Cloud           Conj/Ice/Air   0%         6-21      100%        5


Dungeon Overview and Level Annotations

Branches:
Dungeon (4/15) Zot: 1896
 Temple: D:4-7

Altars:
Vehumet

Shops:
D:1 (

Annotations:
D:4 Pikel


Innate Abilities, Weirdness & Mutations

You are a tree.
Your roots penetrate the ground, keeping you stationary.
You cannot be teleported.
You are immune to unholy pain and torment.
Your maximum health is greatly increased.
Your equipment is partially melded.
You passively map a small area around you.
You are easily found by Zot.
You glow in the dark.
You regain HP and MP as you explore.


Message History

Pikel burns you.
* * * LOW HITPOINT WARNING * * *
The lemure hits you but does no damage. x2
You attack the rock wall.
Pikel hits you but does no damage.
The lemure hits you but does no damage. x3
You hit Pikel.
Pikel is heavily wounded.
The lemure hits you but does no damage. x2; Pikel hits you but does no damage.
The lemure hits you but does no damage.
You hit Pikel.
Pikel is heavily wounded.
The lemure hits you but does no damage. Pikel hits you but does no damage.
The lemure hits you.
* * * LOW HITPOINT WARNING * * *
The lemure hits you but does no damage.
You barely miss Pikel.
Pikel is heavily wounded.
The lemure hits you but does no damage. Pikel completely misses you.
The lemure hits you but does no damage. x2
You barely miss Pikel.
Pikel is heavily wounded.
The lemure hits you but does no damage.
Pikel zaps a wand.
Your will is overpowered!
You are more confused.
The lemure hits you but does no damage. x2
You miss Pikel.
Pikel is heavily wounded.
The lemure hits you!
* * * LOW HITPOINT WARNING * * *
Pikel hits you but does no damage. The lemure hits you but does no damage.
The lemure barely misses you.
It was a potion of curing.
You feel better. The lemure hits you.
* * * LOW HITPOINT WARNING * * *
Pikel hits you with a +0 whip of flaming.
* * * LOW HITPOINT WARNING * * *
Pikel burns you.
* * * LOW HITPOINT WARNING * * *
The lemure hits you but does no damage. x2
It was a potion of haste.
You feel yourself speed up. The lemure hits you but does no damage.
The lemure hits you.
You die...

* #. * , #.##.#
, #....# *
#..#.. , *
#..#.#* , ,
.g#.# * , , *
#5#.#
55.###♣#.######.
, ,
#...5K5.....>..
####.5..#######*
* #....#......#
* #.#.##..###.#
, * ,# #. #..#
#.# , ,,#.....#
#(# *, #.##.##
#.# .. ... #.# ,


You could see Pikel, 4 lemures and a goblin.

Vanquished Creatures
  An adder (D:4)
  3 dart slugs
  An orc (D:3)
  An endoplasm (D:2)
  A goblin (D:4)
  6 hobgoblins
  2 jackals (D:2)
  4 quokkas
  3 ball pythons
  A bat (D:1)
  2 frilled lizards
  2 kobolds
  3 rats
30 creatures vanquished.

Notes
Turn   | Place    | Note
-------+----------+-------------------------------------------
     0 | D:1      | cforsyth the Meteoran Shapeshifter began the quest for the
                  | Orb.
     0 | D:1      | Reached XP level 1. HP: 17/17 MP: 2/2
    39 | D:2      | Reached XP level 2. HP: 20/24 MP: 3/3
   120 | D:1      | Reached skill level 4 in Shapeshifting
   161 | D:1      | Reached XP level 3. HP: 25/29 MP: 4/4
   203 | D:1      | Found Katoteu's Antique Weapon Shop.
   405 | D:4      | Found a radiant altar of Vehumet.
   435 | D:4      | Reached XP level 4. HP: 21/36 MP: 5/5
   483 | D:4      | Noticed a lemure
   483 | D:4      | Noticed a lemure
   484 | D:4      | Noticed Pikel
   485 | D:4      | Noticed a lemure
   485 | D:4      | Noticed a lemure
   508 | D:4      | Slain by a lemure

Illustrated notes

Levels and vault maps discovered:
D:1:      roderic_octagonal_star, layout_loops_ring, serial_shops,
          nicolae_shop_window_shopping, chequers_serial_rivers_micro_d
D:2:      layout_basic, chequers_jeans
D:3:      layout_loops_ring, grunt_temple_overflow_open, ebering_ghost_gozag,
          hangedman_abyss_or_decor_stabs, chequers_serial_rivers_room_b,
          minmay_unequal, uniq_crazy_yiuf_cottage
D:4:      layout_loops_ring, old_standard_altar, uniq_pikel

Skill      XL: |  1  2 |
---------------+-------+-----
Unarmed Combat | 3 |  3.8
Shapeshifting  | 4 |  4.4
Fighting       | |  2.1
Dodging        | |  2.4

Action                     |  1- 3 |  4- 6 || total
---------------------------+-------+-------++-------
  Melee: Unarmed           |    66 |    21 ||    87
         Punch             |     1 |       ||     1
    Use: Potion            |       |     3 ||     3
 Armour: Animal skin       |    10 |     1 ||    11
         Skin              |       |    47 ||    47
  Dodge: Dodged            |    36 |     9 ||    45

Table legend: (Time is in decaauts)
 A = Elapsed time spent in this place.
 B = Non-inter-level travel time spent in this place.
 C = Inter-level travel time spent in this place.
 D = Time resting spent in this place.
 E = Time spent auto-exploring this place.
 F = Levels seen in this place.
 G = Mean time per level.
                   A        B        C        D        E       F      G
               +--------+--------+--------+--------+--------+-----+--------+
         Total |    502 |    493 |      9 |      0 |      8 |   4 |  125.5 |
       Dungeon |    502 |    493 |      9 |      0 |      8 |   4 |  125.5 |
               +--------+--------+--------+--------+--------+-----+--------+

Top non-repeatable levels by time:
     D:1: 256 daAuts
     D:4: 109 daAuts
     D:3: 89 daAuts
     D:2: 46 daAuts
